 Dungeon Crawl Stone Soup version 0.21-a0-508-gf08a75f26b (webtiles) character file.

28 Kaname the Magician (level 3, 23/24 HPs)
             Began as a Demonspawn Wizard on Nov 28, 2017.
             Quit the game on level 1 of the Dungeon.
             The game lasted 00:02:08 (784 turns).

Kaname the Magician (Demonspawn Wizard)              Turns: 784, Time: 00:02:09

Health: 23/24      AC:  4    Str:  7    XL:     3   Next: 0%
Magic:  1/7        EV: 12    Int: 20    God:
Gold:   10         SH:  4    Dex: 11    Spells: 5/8 levels left

rFire    . . .     SeeInvis .   (no weapon)
rCold    . . .     Gourm    .   (no shield)
rNeg     . . .     Faith    .   a - +0 robe
rPois    .         Spirit   .   n - +1 helmet
rElec    .         Reflect  .   (no cloak)
rCorr    +         Harm     .   (no gloves)
MR       .....                  (no boots)
Stlth    ++........             (no amulet)
HPRegen  1.08/turn              h - ring of resist corrosion
MPRegen  0.10/turn              (no ring)

@: no status effects
A: large bone plates 1, powered by death 1
a: no special abilities


You were on level 1 of the Dungeon.
You were not hungry.

You visited 1 branch of the dungeon, and saw 1 of its levels.

You collected 10 gold pieces.

Inventory:

Armour
 a - a +0 robe (worn)
 b - a +0 hat
 n - a +1 helmet (worn)
Jewellery
 h - a ring of resist corrosion (left hand)
Scrolls
 e - a scroll of blinking {unknown}
 i - a scroll of fear {unknown}
 j - a scroll of remove curse {unknown}
 k - 2 scrolls of teleportation {unknown}
 m - a scroll of identify {unknown}
Potions
 f - a potion of curing {unknown}
 g - a potion of mutation {unknown}
 l - a potion of flight {unknown}
Books
 c - a book of Minor Magic

   Spells                             Type                      Level
   a - Magic Dart                     Conjuration                  1
   b - Blink                          Translocation                2
   c - Call Imp                       Summoning                    2
   d - Slow                           Hexes                        2
   e - Conjure Flame                  Conjuration/Fire             3
   f - Mephitic Cloud                 Conjuration/Poison/Air       3
Comestibles
 d - a bread ration


   Skills:
 - Level 1.7 Dodging
 - Level 1.7 Stealth
 - Level 3.0 Spellcasting
 - Level 3.0 Conjurations
   Level 1.0 Summonings
 + Level 0.9 Translocations


You had 5 spell levels left.
You knew the following spells:

 Your Spells              Type           Power        Failure   Level  Hunger
a - Magic Dart            Conj           ###.         4%          1    None
b - Blink                 Tloc           N/A          14%         2    ##.....


Dungeon Overview and Level Annotations

Branches:
Dungeon (1/15)

Altars:


Innate Abilities, Weirdness & Mutations

You are partially covered in large bone plates. (SH +4)
You regenerate a little health from kills.


Message History

Confirm with . or Enter, or press ? or * to list all spells.
Aiming: Magic Dart
Press: ? - help, Shift-Dir - straight line, f/p - kobold
Aim: a kobold, wielding a club (severely wounded)
The magic dart hits the kobold.
The kobold is severely wounded.
The kobold hits you with a club.
Casting: Magic Dart
Confirm with . or Enter, or press ? or * to list all spells.
Aiming: Magic Dart
Press: ? - help, Shift-Dir - straight line, f/p - kobold
Aim: a kobold, wielding a club (severely wounded)
The magic dart hits the kobold.
You kill the kobold!
You have reached level 3!
Your experience leads to an increase in your attributes!
Increase (S)trength, (I)ntelligence, or (D)exterity?
You feel clever.
Your demonic ancestry asserts itself...
Large bone plates grow over parts of your arms.
Are you sure you want to abandon this character and quit the game? (Confirm with "yes".)

#.##.# #.##.###
.# .......# .#
..####.##### .#
..##.......# .#
...........# .#
.#.........# .#
...........#
####)#
##....)....#
#.(@.#
##.........#
#.####
...........# #.#
###)######## #.#
.†..# #.#
.###### #####.#
......####.....#
.####.#.......##
.####.#.##.##.#


There were no monsters in sight!

Vanquished Creatures
  2 dart slugs (D:1)
  3 bats (D:1)
  2 giant cockroaches (D:1)
  3 goblins (D:1)
  3 hobgoblins (D:1)
  2 jackals (D:1)
  A frilled lizard (D:1)
  2 kobolds (D:1)
  3 rats (D:1)
21 creatures vanquished.

Notes
Turn   | Place    | Note
-------+----------+-------------------------------------------
     0 | D:1      | Kaname the Demonspawn Wizard began the quest for the Orb.
     0 | D:1      | Reached XP level 1. HP: 13/13 MP: 4/4
   226 | D:1      | Gained mutation: You regenerate a little health from kills. [demonic ancestry]
   226 | D:1      | Reached XP level 2. HP: 19/19 MP: 0/6
   244 | D:1      | Learned a level 2 spell: Blink
   783 | D:1      | Gained mutation: You are partially covered in large bone plates. (SH +4) [demonic ancestry]
   783 | D:1      | Reached XP level 3. HP: 22/24 MP: 1/7
   784 | D:1      | Quit the game

Vault maps used:
D:1:      saegor_arrival_simple_a

Skill      XL: |  1  2 |
---------------+-------+-----
Conjurations   | 2 3 |  3.0
Dodging        | |  1.7
Stealth        | |  1.7
Spellcasting   | |  3.0
Summonings     | |  1.0
Translocations | |  0.9

Action                   || total
-------------------------++-------
Melee: Unarmed           ||    20
 Cast: Magic Dart        ||    48
Armor: Robe              ||     8
Dodge: Dodged            ||    21

Table legend:
 A = Spawn XP
 B = Non-spawn XP
 C = Spawn XP percentage of total XP
 D = Spawn monster count
 E = Non-spawn monster count
 F = Spawn count percentage of total count
 G = Total turns spent on level
                    A         B        C        D         E        F      G
               +---------+---------+-------+---------+---------+-------+---------
         Total |       0 |      41 |   0.0 |       0 |      21 |   0.0 |   784
               +---------+---------+-------+---------+---------+-------+---------
           D:1 |       0 |      41 |   0.0 |       0 |      21 |   0.0 |   784
               +---------+---------+-------+---------+---------+-------+---------
